 Dungeon Crawl Stone Soup version 0.31-a0-233-g139696dc86 (webtiles) character file.

Game seed: 10552736352366268821

58 qw the Shooter (level 3, -1/29 HPs)
             Began as a Minotaur Hexslinger on July 7, 2023.
             Killed by divine providence
             ... invoked by an orc priest
              (12 damage)
             ... on level 3 of the Dungeon.
             The game lasted 00:00:28 (1163 turns).

qw the Shooter (Minotaur Hexslinger)                Turns: 1163, Time: 00:00:28

Health: -1/29      AC:  6    Str: 12    XL:     3   Next: 76%
Magic:  3/3        EV: 11    Int: 10    God:
Gold:   92         SH:  0    Dex: 14    Spells: 3/4 levels left

rFire   . . .        Y - +1 sling
rCold   . . .        (no shield)
rNeg    . . .        g - +0 ring mail
rPois   .            (helmet restricted)
rElec   .            e - +0 cloak
rCorr   .            (no gloves)
SInv    .            (no boots)
Will    .....        b - amulet of the acrobat
Stlth   +            (no ring)
HPRegen 0.24/turn    (no ring)
MPRegen 0.08/turn

%: acrobat
@: brilliant
A: horns 2, retaliatory headbutt
a: no special abilities


You were on level 3 of the Dungeon.
You visited 1 branch of the dungeon, and saw 3 of its levels.

You collected 92 gold pieces.


Innate Abilities, Weirdness & Mutations

You have a pair of horns on your head.
You reflexively headbutt those who attack you in melee.


   Skills:
 - Level 2.0 Fighting
 + Level 4.0 Ranged Weapons
 - Level 1.3 Armour
 - Level 2.1 Dodging
 - Level 1.0 Spellcasting
 - Level 2.0 Hexes


You had 3 spell levels left.
You knew the following spells:

 Your Spells              Type           Power      Damage    Failure   Level
a - Slow                  Hex            24%        N/A       32%         1

Your spell library contained the following spells:

 Spells                   Type           Power      Damage    Failure   Level
 Inner Flame              Hex/Fire       3%         N/A       83%         3
 Portal Projectile        Hex/Tloc       6%         N/A       83%         3
 Cause Fear               Hex            3%         N/A       97%         4

Inventory:

Hand Weapons
 Y - a +1 sling (weapon)
Armour
 e - a +0 cloak (worn)
 g - a +0 ring mail (worn)
Jewellery
 b - an amulet of the acrobat (around neck)
Scrolls
 a - a scroll of identify
Potions
 c - a potion of curing {unknown}
 d - a potion of resistance {unknown}
 h - a potion of degeneration {unknown}

Dungeon Overview and Level Annotations

Branches:
Dungeon (3/15)

Altars:
Cheibriados


Message History

The orc priest miscasts a cantrip.
You shoot a sling bullet.
The sling bullet barely misses the adder.
The adder bites you but does no damage. The orc misses you.
The adder bites you but does no damage. The orc hits you with a +0 short sword.
You shoot a sling bullet. The sling bullet hits the adder.
The adder is almost dead.
The adder barely misses you. The orc hits you but does no damage.
The orc priest mumbles some strange prayers to Beogh against you.
Beogh smites you! The adder closely misses you.
You shoot a sling bullet.
The sling bullet closely misses the adder.
The adder completely misses you. You furiously retaliate!
You headbutt the adder!
You kill the adder!
The orc misses you. The orc priest hits you with a +0 club.
Your Armour skill increases to level 1!
You shoot a sling bullet.
The sling bullet hits the orc priest but does no damage.
The orc priest is lightly wounded.
The orc priest begins to cast a cantrip, but forgets the words!
The orc closely misses you.
You shoot a sling bullet.
The sling bullet barely misses the orc priest.
The orc hits you but does no damage.
The orc priest hits you but does no damage. x2
The orc misses you. You furiously retaliate!
You headbutt the orc. You shoot a sling bullet. The sling bullet hits the orc.
You kill the orc!
The orc priest hits you with a +0 club.
You shoot a sling bullet. The sling bullet hits the orc priest.
The orc priest is moderately wounded.
The orc priest misses you.
You shoot a sling bullet.
The sling bullet barely misses the orc priest.
The orc priest barely misses you. You furiously retaliate!
You headbutt the orc priest!
The orc priest invokes the aid of Beogh against you.
Beogh smites you!
You die...

############
#...........
###...........
######.............
##......#...........
#~.~~~........)...^.
#..~.........o......
#.~~.~~.)..@)$.....
#........!..?......
#..#.<.#!....).....
# ##..#..........$
#....$.........
#.#............
#.##...........
#.##.%......... #.#
.....


You could see an orc priest.

Vanquished Creatures
  2 adders
  2 worms (D:2)
  2 orcs (D:3)
  7 bats
  2 giant cockroaches (D:2)
  3 goblins
  2 hobgoblins
  5 kobolds
  A quokka (D:1)
  2 ball pythons
  5 rats
33 creatures vanquished.

Notes
Turn   | Place    | Note
-------+----------+-------------------------------------------
     0 | D:1      | qw the Minotaur Hexslinger began the quest for the Orb.
     0 | D:1      | Reached XP level 1. HP: 16/16 MP: 1/1
     0 | D:1      | 0 ||| qw: Version: 0.3-a-46-gb1f654a
     0 | D:1      | 0 ||| qw: Game counter: 3129
     0 | D:1      | 0 ||| qw: Melee chars always use a shield: true
     0 | D:1      | 0 ||| qw: God list: Okawaru
     0 | D:1      | 0 ||| qw: Allow faded altars: false
     0 | D:1      | 0 ||| qw: Do Orc after clearing Dungeon:15 true
     0 | D:1      | 0 ||| qw: Do second Lair branch before Depths: true
     0 | D:1      | 0 ||| qw: Lair rune preference: random
     0 | D:1      | 0 ||| qw: Goals: Normal
     0 | D:1      | 0 ||| PLANNING D:1-11
   175 | D:1      | Reached skill level 3 in Ranged Weapons
   175 | D:1      | Reached XP level 2. HP: 23/23 MP: 2/2
   519 | D:1      | 519 ||| UPGRADING to +0 ring mail.
   529 | D:1      | 529 ||| DROPPING +0 robe.
   530 | D:1      | 530 ||| READING 2 scrolls labelled NAOCZO QATHRO.
   531 | D:1      | 531 ||| READING scroll labelled WIEVIGIMIG.
   532 | D:1      | 532 ||| DROPPING scroll of poison.
   840 | D:2      | Found a snail-covered altar of Cheibriados.
   895 | D:2      | 895 ||| Stepping ~*~*~tactically~*~*~ (outnumbered).
   900 | D:2      | Reached XP level 3. HP: 29/29 MP: 3/3
   986 | D:2      | Reached skill level 4 in Ranged Weapons
  1066 | D:2      | 1066 ||| UPGRADING to +0 cloak.
  1071 | D:2      | 1071 ||| UPGRADING to amulet of the acrobat.
  1076 | D:2      | 1076 ||| READING scroll labelled HETSICOYWK.
  1127 | D:2      | 1127 ||| READING scroll labelled KOGEMOMOASH.
  1128 | D:2      | 1128 ||| DRINKING 2 green potions.
  1129 | D:2      | 1129 ||| DROPPING potion of brilliance.
  1159 | D:3      | Reached skill level 1 in Armour
  1163 | D:3      | Killed from afar by an orc priest

Levels and vault maps discovered:
D:1:      tarquinn_simple_flora_water_f, layout_basic, st_stairs_10,
          minmay_distorted
D:2:      layout_basic, basic_altar
D:3:      layout_loops_ring, nicolae_dithmenos_the_darkroom, serial_rivers,
          chequers_serial_rivers_room_a, chequers_serial_rivers_room_b,
          chequers_serial_rivers_small_b, chequers_serial_rivers_micro_c,
          chequers_serial_rivers_small_3, chequers_serial_rivers_micro_c,
          wad_floor_pattern_1

Skill      XL: |  1  2  3 |
---------------+----------+-----
Ranged Weapons | 3 4 |  4.0
Fighting       | 2 |  2.0
Armour         | 1 |  1.3
Dodging        | |  2.1
Spellcasting   | |  1.0
Hexes          | |  2.0

Action                     || total
---------------------------++-------
   Fire: Sling             ||   102
    Use: Scroll            ||     4
         Potion            ||     1
 Armour: Robe              ||     6
         Ring mail         ||    18
  Dodge: Dodged            ||    35

Table legend:
 A = Non-vault XP
 B = Vault XP
 C = Vault XP percentage of total XP
 D = Non-vault monster count
 E = Vault monster count
 F = Vault count percentage of total count
                 A         B        C        D         E       F
            +---------+---------+-------+---------+---------+-------
      Total |      80 |       4 |   4.8 |      31 |       2 |   6.1
            +---------+---------+-------+---------+---------+-------
        D:1 |      20 |       4 |  16.7 |      13 |       2 |  13.3
        D:2 |      40 |       0 |   0.0 |      14 |       0 |   0.0
        D:3 |      20 |       0 |   0.0 |       4 |       0 |   0.0
            +---------+---------+-------+---------+---------+-------
